 Dungeon Crawl Stone Soup version 0.21.1-1-g345015f (webtiles) character file.

581 kaesh the Chopper (level 7, -1/55 HPs)
             Began as a Formicid Fighter on Mar 23, 2018.
             Succumbed to a killer bee's poison
             ... on level 3 of the Dungeon.
             The game lasted 00:06:49 (2201 turns).

kaesh the Chopper (Formicid Fighter)                Turns: 2201, Time: 00:06:50

Health: -1/55      AC: 16    Str: 22    XL:     7   Next: 63%
Magic:  7/7        EV:  9    Int:  8    God:
Gold:   150        SH: 11    Dex: 10    Spells: 6/6 levels left

rFire    . . .     SeeInvis +   a - +0 war axe
rCold    . . .     Gourm    .   c - +1 shield
rNeg     . . .     Faith    .   b - +0 scale mail
rPois    .         Spirit   .   (helmet unavailable)
rElec    .         Reflect  .   (no cloak)
rCorr    .         Harm     .   (no gloves)
MR       .....                  l - +2 pair of boots
Stlth    +.........             (no amulet)
HPRegen  0.18/turn              g - ring of stealth
MPRegen  0.10/turn              e - +6 ring of protection

@: lethally poisoned (-1 -> -18)
A: permanent stasis, dig shafts and tunnels, four strong arms, antennae 3
a: Dig, Shaft Self


You were on level 3 of the Dungeon.
You were hungry.

You visited 1 branch of the dungeon, and saw 3 of its levels.

You collected 150 gold pieces.

Inventory:

Hand Weapons
 a - a +0 war axe (weapon)
Armour
 b - a +0 scale mail (worn)
 c - a +1 shield (worn)
 l - a +2 pair of boots (worn)
Jewellery
 e - a +6 ring of protection (right hand)
 g - a ring of stealth (left hand)
Scrolls
 d - a scroll of amnesia
 j - 3 scrolls of identify
 k - a scroll of remove curse
 n - a scroll of magic mapping
Books
 h - a book of Misfortune

   Spells                             Type                      Level
   a - Confusing Touch                Hexes                        1
   b - Confuse                        Hexes                        3
   c - Gell's Gravitas                Translocation                3
   d - Petrify                        Transmutation/Earth          4
   e - Metabolic Englaciation         Hexes/Ice                    5
   f - Yara's Violent Unravelling     Hexes/Transmutation          5
Comestibles
 f - 2 rations


   Skills:
 + Level 4.6 Fighting
 + Level 5.5 Axes
 + Level 4.7 Armour
 + Level 1.4 Dodging
 + Level 5.0 Shields


You had 6 spell levels left.
You didn't know any spells.

Dungeon Overview and Level Annotations

Branches:
Dungeon (3/15)

Altars:
Elyvilon
Hepliaklqana
Makhleb


Innate Abilities, Weirdness & Mutations

You cannot be hasted, slowed, berserked, paralysed or teleported.
You can dig through walls and to a lower floor.
Your four strong arms can wield two-handed weapons with a shield.
You have a pair of large antennae on your head. (SInv)


Message History

The killer bee is moderately wounded.
You block the killer bee's attack.
The killer bee stings you but does no damage.
The killer bee closely misses you.
You miss the killer bee.
The killer bee is moderately wounded.
You feel sick. You block the killer bee's attack. The killer bee misses you.
You completely miss the killer bee.
The killer bee is moderately wounded.
The killer bee stings you.
* * * LOW HITPOINT WARNING * * *
You are lethally poisoned!
The killer bee poisons you! You block the killer bee's attack.
The killer bee stings you.
* * * LOW HITPOINT WARNING * * *
You are more poisoned.
The killer bee poisons you!
You miss the killer bee.
The killer bee is moderately wounded.
You die...

#.##.# #.##.#
########.##.#
.........##.#
..#####..##.####
#........#
#.##.###.#
#.##.# #.#
...#.# #@#
##..#.# #y#
#..#.# #.# .# #.
#.# #.# .## #.#
#.# ... #.# #?#
####### ...
..(...# #.?
#...... ###


You could see a killer bee.

Vanquished Creatures
  Sigmund (D:2)
  A phantom (D:3)
  4 killer bees (D:3)
  Jessica (D:3)
  4 gnolls (D:3)
  2 adders
  2 oozes (D:2)
  3 worms
  A dart slug (D:2)
  3 leopard geckos
  4 giant cockroaches
  7 goblins
  3 hobgoblins
  2 jackals (D:3)
  2 quokkas (D:2)
  A ball python (D:3)
  9 bats
  2 frilled lizards (D:1)
  7 kobolds
  9 rats
68 creatures vanquished.

Notes
Turn   | Place    | Note
-------+----------+-------------------------------------------
     0 | D:1      | kaesh the Formicid Fighter began the quest for the Orb.
     0 | D:1      | Reached XP level 1. HP: 18/18 MP: 1/1
   211 | D:1      | Reached XP level 2. HP: 24/24 MP: 2/2
   637 | D:1      | Reached XP level 3. HP: 30/30 MP: 3/3
   894 | D:2      | Found a white marble altar of Elyvilon.
   993 | D:2      | Noticed Sigmund
  1001 | D:2      | Reached XP level 4. HP: 37/37 MP: 4/4
  1014 | D:2      | Killed Sigmund
  1014 | D:2      | Reached XP level 5. HP: 35/42 MP: 5/5
  1014 | D:2      | Reached XP level 6. HP: 40/48 MP: 6/6
  1254 | D:2      | Found a burning altar of Makhleb.
  1255 | D:2      | Found a hazy altar of Hepliaklqana.
  1553 | D:3      | Noticed Jessica
  1563 | D:3      | Killed Jessica
  1652 | D:3      | Reached skill level 1 in Dodging
  2054 | D:3      | Noticed a phantom
  2070 | D:3      | Killed a phantom
  2070 | D:3      | Reached skill level 5 in Axes
  2070 | D:3      | Reached XP level 7. HP: 52/55 MP: 7/7
  2150 | D:3      | Reached skill level 5 in Shields
  2200 | D:3      | HP: 1/55 [killer bee (3)]
  2201 | D:3      | Succumbed to a killer bee's poison

Skill      XL: |  1  2  3  4  5  6  7 |
---------------+----------------------+-----
Fighting       | 4 |  4.6
Axes           | 4 5 |  5.5
Armour         | 4 |  4.7
Shields        | 4 5 |  5.0
Dodging        | 1 |  1.4

Action                   |  1- 3 |  4- 6 |  7- 9 || total
-------------------------+-------+-------+-------++-------
Melee: War axe           |   119 |   124 |    70 ||   313
  Use: Scroll            |     6 |     2 |       ||     8
       Potion            |     2 |     5 |     1 ||     8
 Stab: Sleeping          |       |     1 |       ||     1
  Eat: Chunk             |       |     4 |       ||     4
Armor: Scale mail        |    60 |    59 |    46 ||   165
Dodge: Dodged            |    42 |    43 |    33 ||   118
Block: Shield            |    60 |    57 |    62 ||   179
